 Dungeon Crawl Stone Soup version 0.18.1-5-g4a78601 (webtiles) character file.

396 LORDOFBUTT the Skirmisher (level 6, -6/49 HPs)
             Began as a Demonspawn Berserker on May 10, 2016.
             Was a Priest of Trog.
             Mangled by an ogre
             ... wielding a +0 giant spiked club
              (13 damage)
             ... on level 4 of the Dungeon.
             The game lasted 00:05:15 (2600 turns).

LORDOFBUTT the Skirmisher (Demonspawn Berserker)    Turns: 2600, Time: 00:05:16

Health: -6/49      AC: 19    Str: 18    XL:     6   Next: 52%
Magic:  6/6        EV:  8    Int:  8    God:    Trog [***...]
Gold:   113        SH:  0    Dex: 13    Spells: 0 memorised, 5 levels left

rFire  . . .     SeeInvis .     a - +0 spear
rCold  + . .     Gourm    .     t - +2 chain mail {rPois}
rNeg   . . .     Faith    .     (no shield)
rPois  +         Spirit   .     (no helmet)
rElec  .         Dismiss  .     w - +0 cloak
rCorr  .         Reflect  .     s - +1 pair of gloves
SustAt .         Harm     .     (no boots)
MR     +....                    (no amulet)
Stlth  ..........               A - +1 ring of protection
                                u - ring of protection from magic

@: very slightly contaminated, hasted, very quick, somewhat resistant to hostile
enchantments, extremely unstealthy
A: rough black scales 1, cold resistance 1
a: Berserk, Trog's Hand, Burn Spellbooks, Renounce Religion


You were on level 4 of the Dungeon.
You worshipped Trog.
Trog was most pleased with you.
You were very full.

You visited 1 branch of the dungeon, and saw 4 of its levels.
You also visited: Sewer.

You collected 113 gold pieces.

Inventory:

Hand Weapons
 a - a +0 spear (weapon)
Armour
 s - a +1 pair of gloves (worn)
 t - a +2 chain mail of poison resistance (worn)
 w - a +0 cloak (worn)
Jewellery
 g - an uncursed ring of magical power
 u - a ring of protection from magic (left hand)
 A - a +1 ring of protection (right hand)
 B - an uncursed ring of poison resistance {unknown}
Wands
 v - a wand of flame (36/48)
 D - a wand of disintegration (9/24)
Scrolls
 d - a scroll of blinking
 f - a scroll of immolation {unknown}
 h - a scroll of recharging {unknown}
 i - 4 scrolls of remove curse
 k - 2 scrolls of fear
 n - a scroll of fog {unknown}
 q - 2 scrolls of teleportation {unknown}
 y - a scroll of identify
 E - a scroll of random uselessness {unknown}
Potions
 e - a potion of cure mutation {unknown}
 l - 3 potions of curing
 m - a potion of resistance {unknown}
 p - 3 potions of agility
 r - 2 potions of brilliance {unknown}
 x - 2 potions of heal wounds {unknown}
 z - 2 potions of mutation {unknown}
 C - 3 potions of invisibility {unknown}
Comestibles
 c - 3 bread rations
 j - a meat ration


   Skills:
 + Level 4.5 Fighting
 + Level 4.3 Polearms
 + Level 3.1 Armour
 + Level 3.5 Dodging
 + Level 0.2 Stealth


You had 5 spell levels left.
You didn't know any spells.

Dungeon Overview and Level Annotations

Branches:
Dungeon (4/15)
 Temple: D:4-7

Altars:
Pakellas
Vehumet


Innate Abilities, Weirdness & Mutations

You are partially covered in rough black scales (AC +4, Dex -1).
Your flesh is cold resistant.


Message History

The ogre completely misses you.
You hit the ogre but do no damage.
The ogre is severely wounded.
The ogre hits you with a giant spiked club!
* * * LOW HITPOINT WARNING * * *
You are too injured to fight recklessly!
You are too injured to fight recklessly!
You are too injured to fight recklessly!
Drink which item? (? for menu, Esc to quit)
You feel yourself speed up.
You are very lightly contaminated with residual magic.
You hit the ogre.
The ogre is severely wounded.
The ogre barely misses you.
You hit the ogre.
The ogre is almost dead.
You barely miss the ogre.
The ogre is almost dead.
The ogre hits you with a giant spiked club!
You die...

#.######## #.#
#.#############
#.............#
####..........#
#...)......#
#..........#
#..........#####
#.......@O......
####'######.....
#.# ### #.# #.#
#.# #.# #.#
##########.#


You could see an ogre.

Vanquished Creatures
  Purgy (Sewer)
  An ice beast (D:3)
  Jessica (D:2)
  An orc wizard (D:3)
  A worker ant (D:4)
  3 adders
  An ooze (D:1)
  2 worms (D:2)
  2 dart slugs (D:1)
  A giant gecko (D:1)
  8 orcs (D:3)
  8 giant cockroaches
  4 hobgoblins
  8 jackals
  10 kobolds
  A quokka (D:3)
  9 bats
  A giant gecko skeleton (D:4)
  2 giant newts (D:2)
  2 goblins
  17 rats
84 creatures vanquished.

Notes
Turn   | Place    | Note
--------------------------------------------------------------
     0 | D:1      | LORDOFBUTT the Demonspawn Berserker began the quest for the Orb.
     0 | D:1      | Reached XP level 1. HP: 18/18 MP: 1/1
    66 | D:1      | Gained mutation: You are partially covered in rough black scales (AC +4, Dex -1). [demonic ancestry]
    66 | D:1      | Reached XP level 2. HP: 18/24 MP: 2/2
   470 | D:1      | Reached ** piety under Trog
   542 | D:1      | Reached XP level 3. HP: 27/29 MP: 3/3
  1010 | D:2      | Noticed Jessica
  1023 | D:2      | Killed Jessica
  1023 | D:2      | Gained mutation: Your flesh is cold resistant. [demonic ancestry]
  1023 | D:2      | Reached XP level 4. HP: 24/37 MP: 4/4
  1202 | D:2      | Found a radiant altar of Vehumet.
  1720 | D:3      | Found an oddly glowing altar of Pakellas.
  1758 | D:3      | Reached *** piety under Trog
  1807 | D:3      | Reached XP level 5. HP: 18/42 MP: 5/5
  2131 | D:3      | Noticed an ice beast
  2156 | D:3      | Killed an ice beast
  2245 | D:4      | Reached XP level 6. HP: 36/48 MP: 6/6
  2319 | D:4      | Found a glowing drain.
  2392 | Sewer    | Entered a sewer
  2465 | Sewer    | Noticed Purgy
  2481 | Sewer    | Killed Purgy
  2600 | D:4      | Mangled by an ogre

Skill      XL: |  1  2  3  4  5  6 |
---------------+-------------------+-----
Polearms       | 3 4 |  4.3
Dodging        | 2 3 |  3.5
Fighting       | 4 |  4.5
Armour         | 2 3 |  3.1
Stealth        | |  0.2

Action                   |  1- 3 |  4- 6 || total
-------------------------+-------+-------++-------
Melee: Spear             |   141 |   384 ||   525
Invok: Berserk           |     1 |     1 ||     2
  Use: Scroll            |       |     5 ||     5
       Potion            |       |     1 ||     1
 Stab: Sleeping          |     1 |       ||     1
  Eat: Meat ration       |       |     2 ||     2
       Beef jerky        |       |     2 ||     2
       Chunk             |       |     2 ||     2
Armor: Animal skin       |    36 |       ||    36
       Chain mail        |    22 |   248 ||   270
Dodge: Dodged            |    70 |   121 ||   191
